 Dungeon Crawl Stone Soup version 0.16.1-51-g6203257 (webtiles) character file.

502 kae the Chiller (level 6, -4/41 HPs)
             Began as a Demonspawn Ice Elementalist on July 10, 2015.
             Slain by an ice beast (7 damage)
             ... on level 5 of the Dungeon.
             The game lasted 00:05:46 (3818 turns).

kae the Chiller (Demonspawn Ice Elementalist)       Turns: 3818, Time: 00:05:47

Health: -4/41      AC:  5    Str:  8    XL:     6   Next: 95%
Magic:  2/13       EV: 12    Int: 19    God:
Gold:   96         SH:  0    Dex: 13    Spells: 3 memorised, 5 levels left

rFire  + . .     SeeInvis .     g - +0 short sword
rCold  . . .     Clarity  .     a - +1 robe
rNeg   . . .     SustAb   .     (no shield)
rPois  .         Gourm    .     (no helmet)
rElec  .         Spirit   .     (no cloak)
rCorr  .         Warding  .     s - +0 pair of gloves
rMut   .         Stasis   .     (no boots)
MR     .....                    (no amulet)
Stlth  ++........               (no ring)
                                F - ring of protection from fire

@: very slightly contaminated, not resistant to hostile enchantments, unstealthy
A: molten scales 1, powered by death 1
a: no special abilities


You were on level 5 of the Dungeon.
You were hungry.

You visited 1 branch of the dungeon, and saw 5 of its levels.

You collected 204 gold pieces.
You spent 108 gold pieces at shops.

Inventory:

Hand weapons
 g - a +0 short sword (weapon)
Armour
 a - a +1 robe (worn)
 s - a +0 pair of gloves (worn)
Jewellery
 r - an uncursed ring of flight
 F - a ring of protection from fire (left hand)
Magical devices
 G - a wand of cold (14)
 I - a wand of magic darts (12)
Scrolls
 f - 8 scrolls of identify
 i - a scroll of blinking {unknown}
 k - 4 scrolls of magic mapping {unknown}
 n - a scroll of fog {unknown}
 p - a scroll of remove curse
 q - 2 scrolls of fear
Potions
 e - a potion of haste {unknown}
 j - 4 potions of heal wounds {unknown}
 m - a potion of resistance {unknown}
 w - 5 potions of curing {unknown}
 x - 2 potions of lignification {unknown}
 z - 3 potions of brilliance {unknown}
 A - a potion of restore abilities {unknown}
 C - a potion of beneficial mutation {unknown}
 H - a potion of ambrosia {unknown}
 K - a potion of mutation
Books
 b - a book of Frost

   Spells                             Type                      Level
   a - Freeze                         Ice                          1
   b - Throw Frost                    Conjuration/Ice              2
   c - Ozocubu's Armour               Charms/Ice                   3
   d - Throw Icicle                   Conjuration/Ice              4
   e - Summon Ice Beast               Ice/Summoning                4
   f - Condensation Shield            Ice                          4
 u - a book of Fire

   Spells                             Type                      Level
   a - Ignite Poison                  Fire/Transmutation           5
   b - Fireball                       Conjuration/Fire             5
   c - Bolt of Fire                   Conjuration/Fire             6
   d - Delayed Fireball               Conjuration/Fire             7
   e - Ring of Flames                 Charms/Fire                  7
Comestibles
 c - 5 bread rations
 l - 2 meat rations
 o - 2 slices of pizza
 B - a chunk of flesh


   Skills:
 - Level 1.7 Dodging
 - Level 1.7 Stealth
 + Level 3.6 Spellcasting
 + Level 3.2 Conjurations
 * Level 5.7 Ice Magic


You had 5 spell levels left.
You knew the following spells:

 Your Spells              Type           Power        Failure   Level  Hunger
a - Freeze                Ice            ####         1%          1    None
b - Throw Frost           Conj/Ice       ###...       4%          2    ##.....
c - Throw Icicle          Conj/Ice       ###.....     28%         4    ####...


Dungeon Overview and Level Annotations

Branches:
Dungeon (5/15)
 Temple: D:4-7

Altars:

Shops:
D:4 *

Annotations:
D:4 Blork the orc


Innate Abilities, Weirdness & Mutations

You are partially covered in molten scales (AC +1).
You can steal the life force of nearby defeated enemies.


Message History

You are too injured to fight recklessly!
You are too injured to fight recklessly!
You closely miss the ice beast.
The ice beast is moderately wounded.
The ice beast hits you.
* * * LOW HITPOINT WARNING * * *
The ice beast freezes you.
* * * LOW HITPOINT WARNING * * *
You hit the ice beast.
The ice beast is heavily wounded.
The ice beast closely misses you.
You hit the ice beast.
The ice beast is heavily wounded.
The ice beast hits you but does no damage.
You hit the ice beast but do no damage.
The ice beast is heavily wounded.
The ice beast hits you.
* * * LOW HITPOINT WARNING * * *
The ice beast freezes you!
You die...

#########
#.....@.#
.......##Y#
##.## #...
#.#...
#.##....
... ... #.#
## #.# ..#


You could see an ice beast.

Vanquished Creatures
  An ogre (D:4)
  A crimson imp (D:4)
  A gnoll shaman (D:3)
  2 orc wizards
  A hound (D:4)
  An iguana (D:3)
  A worker ant (D:4)
  2 hound skeletons (D:4)
  3 adders (D:3)
  6 gnolls (D:4)
  A giant mite (D:4)
  4 worms
  A giant gecko (D:4)
  An ooze (D:3)
  11 orcs
  8 bats
  4 giant cockroaches
  8 goblins
  8 hobgoblins
  3 jackals (D:2)
  12 kobolds
  3 quokkas
  4 giant newts
  5 rats
92 creatures vanquished.

Notes
Turn   | Place    | Note
--------------------------------------------------------------
     0 | D:1      | kae, the Demonspawn Ice Elementalist, began the quest for the Orb.
     0 | D:1      | Reached XP level 1. HP: 13/13 MP: 3/3
   153 | D:1      | Reached skill level 3 in Ice Magic
   196 | D:1      | Gained mutation: You can steal the life force of nearby defeated enemies. [demonic ancestry]
   196 | D:1      | Reached XP level 2. HP: 13/19 MP: 4/4
   826 | D:2      | Learned a level 2 spell: Throw Frost
   875 | D:2      | Reached XP level 3. HP: 7/24 MP: 0/6
  1883 | D:3      | Gained mutation: You are partially covered in molten scales (AC +1). [demonic ancestry]
  1883 | D:3      | Reached XP level 4. HP: 30/30 MP: 2/8
  2260 | D:3      | Reached skill level 4 in Ice Magic
  2722 | D:3      | Learned a level 4 spell: Throw Icicle
  2729 | D:4      | Reached XP level 5. HP: 29/35 MP: 0/11
  2981 | D:3      | Reached XP level 6. HP: 5/41 MP: 4/13
  3056 | D:4      | Reached skill level 5 in Ice Magic
  3221 | D:4      | Noticed an ogre
  3231 | D:4      | Killed an ogre
  3265 | D:4      | Noticed Blork the orc
  3453 | D:4      | Found Jogon's General Store.
  3464 | D:4      | Bought a scroll of identify for 24 gold pieces
  3464 | D:4      | Bought a potion of degeneration for 12 gold pieces
  3464 | D:4      | Bought a potion of mutation for 30 gold pieces
  3464 | D:4      | Bought a scroll of fear for 42 gold pieces
  3789 | D:5      | Entered Level 5 of the Dungeon
  3818 | D:5      | Slain by an ice beast

Action                   |  1- 3 |  4- 6 || total
-------------------------+-------+-------++-------
Melee: Short sword       |    81 |   112 ||   193
       Unarmed           |     8 |       ||     8
 Cast: Freeze            |    37 |    83 ||   120
       Throw Frost       |       |     9 ||     9
       Throw Icicle      |       |     1 ||     1
  Use: Scroll            |       |     8 ||     8
 Stab: Sleeping          |     5 |     1 ||     6
  Eat: Chunk             |     3 |     7 ||    10
